 Dungeon Crawl Stone Soup version 0.25.1-2-g60ff931df9 (webtiles) character file.

Game seed: 15234898496213945892

63 Descartes the Sneak (level 3, -2/14 HPs)
             Began as a Felid Enchanter on Aug 12, 2020.
             Slain by an adder (4 damage)
             ... on level 2 of the Dungeon.
             The game lasted 00:02:46 (1967 turns).

Descartes the Sneak (Felid Enchanter)               Turns: 1967, Time: 00:02:46

Health: -2/14      AC:  1    Str:  5    XL:     3   Next: 89%
Magic:  7/7        EV: 19    Int: 16    God:
Gold:   37         SH:  0    Dex: 16    Spells: 2/6 levels left
                                        Lives:  0   Deaths: 1

rFire    . . .     SeeInvis +     - Unarmed
rCold    . . .     Gourm    .   (shield unavailable)
rNeg     . . .     Faith    .   (armour unavailable)
rPois    .         Spirit   .   (helmet unavailable)
rElec    .         Reflect  .   (cloak unavailable)
rCorr    .         Harm     .   (gloves unavailable)
MR       .....                  (boots unavailable)
Stlth    ++++......             (no amulet)
HPRegen  0.04/turn              (no ring)
MPRegen  0.10/turn              (no ring)

@: quick
A: very small, no armour, no weapons or thrown items, stealth, claws 1, fangs 3,
see invisible, carnivore, speed 1, shaggy fur 1, slow metabolism 1, sharp paws
a: no special abilities


You were on level 2 of the Dungeon.
You were full.

You visited 1 branch of the dungeon, and saw 2 of its levels.

You collected 37 gold pieces.

Inventory:

Scrolls
 a - 2 scrolls of enchant armour {unknown}
 c - 2 scrolls of remove curse {unknown}
 f - 2 scrolls of identify {unknown}
 h - a scroll of immolation {unknown}
 i - a scroll of blinking {unknown}
Potions
 d - a potion of curing {unknown}
 e - a potion of lignification {unknown}
 g - a potion of mutation {unknown}
Comestibles
 b - 4 rations


   Skills:
 + Level 4.3 Dodging
 + Level 6.2 Stealth
 + Level 2.3 Unarmed Combat
 - Level 2.0 Spellcasting
 + Level 4.4 Hexes


You had 2 spell levels left.
You knew the following spells:

 Your Spells              Type           Power        Failure   Level  Hunger
a - Corona                Hex            ###....      3%          1    #......
b - Confusing Touch       Hex            ###.....     10%         3    ###....

Your spell library contained the following spells:

 Spells                   Type           Power        Failure   Level  Hunger
 Ensorcelled Hibernation  Hex/Ice        #.....       13%         2    ###....
 Tukima's Dance           Hex            ###.....     10%         3    ###....
 Dazzling Flash           Conj/Hex       #.....       26%         3    ###....


Dungeon Overview and Level Annotations

Branches:
Dungeon (2/15)

Altars:


Innate Abilities, Weirdness & Mutations

You cannot wear armour.
You are incapable of wielding weapons or throwing items.
Your paws allow you to move quietly. (Stealth)
You have sharp claws.
You have razor-sharp teeth.
You have supernaturally acute eyesight. (SInv)
You are carnivorous and can eat meat at any time.
You cover ground quickly.
You are covered in fur. (AC +1)
You have a slow metabolism.
Your sharp claws are effective at attacking unaware monsters.


Message History

You are too injured to fight recklessly!
You are too injured to fight recklessly!
You are too injured to fight recklessly!
You are too injured to fight recklessly!
You are too injured to fight recklessly!
You are too injured to fight recklessly!
You are too injured to fight recklessly!
You are too injured to fight recklessly!
You are too injured to fight recklessly!
You are too injured to fight recklessly!
You are too injured to fight recklessly!
You miss the adder.
The adder is heavily wounded.
The adder bites you.
* * * LOW HITPOINT WARNING * * *
The adder closely misses you.
You miss the adder.
The adder is heavily wounded.
The adder bites you.
You die...

#.#.# #.# ###.#.# #.# #...#.# #
#.# ##.###.# #.############.#
....##.### .....(........#######
##..##...# ###...............?.[
#.......####.......########..###
#.####.............# #..# ##.#
##.####..S@...# #..#
...#####.##...#...#.# #..#
##.##....##....(..#.# #..#
#.##.#####...#####.# #..#
#.##.#...........#?# ##.#
##.##.#.####.####.#.# #.###
...##.# #.# #.#.# #######....
##..#.# #.# #.# ........###
##.#.# #.# #.##########..#


You could see an adder.

Vanquished Creatures
  An ogre (D:2)
  An adder (D:2)
  An ooze (D:1)
  2 dart slugs
  A ball python (D:2)
  5 bats
  2 giant cockroaches
  2 hobgoblins (D:2)
  6 kobolds (D:1)
  A quokka (D:2)
  3 frilled lizards
  7 goblins
  2 rats (D:1)
34 creatures vanquished.

Notes
Turn   | Place    | Note
-------+----------+-------------------------------------------
     0 | D:1      | Descartes the Felid Enchanter began the quest for the Orb.
     0 | D:1      | Reached XP level 1. HP: 7/7 MP: 4/4
    81 | D:1      | Reached XP level 2. HP: 2/11 MP: 6/6
   390 | D:1      | Reached skill level 5 in Stealth
  1202 | D:2      | Noticed an ogre
  1223 | D:2      | Killed an ogre
  1223 | D:2      | Reached skill level 6 in Stealth
  1223 | D:2      | Reached XP level 3. HP: 11/14 MP: 7/7
  1223 | D:2      | Reached XP level 4. HP: 14/18 MP: 8/8
  1487 | D:2      | Learned a level 3 spell: Confusing Touch
  1825 | D:2      | Slain by an adder
  1826 | D:2      | Reached XP level 3. HP: 0/14 MP: 7/7
  1967 | D:2      | Slain by an adder

Illustrated notes

Levels and vault maps discovered:
D:1:      psy_arrival_basics, layout_basic, serial_forest,
          infiniplex_forest_lined_3, infiniplex_forest_zigzag_2,
          infiniplex_forest_lined_4_way, infiniplex_forest_corner_1,
          infiniplex_forest_clump_tiny, infiniplex_forest_straight_3,
          minmay_misc_feat_chi
D:2:      layout_loops_ring

Skill      XL: |  1  2 |
---------------+-------+-----
Stealth        | 6 |  6.2
Dodging        | 4 |  4.3
Unarmed Combat | 2 |  2.3
Spellcasting   | |  2.0
Hexes          | |  4.4

Action                   |  1- 3 |  4- 6 || total
-------------------------+-------+-------++-------
Melee: Unarmed           |    83 |    28 ||   111
       Bite              |    10 |     3 ||    13
 Stab: Sleeping          |     7 |     9 ||    16
  Eat: Chunk             |    10 |     1 ||    11
Armor: Skin              |     7 |       ||     7
Dodge: Dodged            |    54 |    10 ||    64
